Map: Orbital Shipyard

Players

IIIIIIIIIIII (State) - Winner!

  • Race: Protoss Protoss
  • League: Master

llllllllllll

  • Race: Protoss Protoss
  • League: Grandmaster

VOD

Have the link to the VOD?

Description

Time

  • Played on: Jan. 26, 2016, 1:42 p.m.
  • Length: 12:22
Show
View Real Time Build Order
Export as new Build Order

IIIIIIIIIIII Protoss - Winner!

Build Orders: 1 Gate Expand 

Get SALT Encoding   

  12  0:04  Probe (Chrono Boost)  
  13  0:14  Probe (Chrono Boost)  
  13  0:18  Pylon  
  14  0:25  Probe (Chrono Boost)  
  15  0:37  Probe (Chrono Boost), Gateway  
  15  0:41  Assimilator  
  16  0:47  Probe (Chrono Boost)  
  17  0:58  Probe (Chrono Boost)  
  18  1:08  Probe (Chrono Boost)  
  19  1:21  Nexus  
  19  1:25  Probe (Chrono Boost)  
  20  1:34  Cybernetics Core  
  20  1:37  Probe (Chrono Boost)  
  21  1:42  Assimilator  
  21  1:48  Probe (Chrono Boost)  
  21  1:52  Pylon  
  22  1:58  Probe (Chrono Boost)  
  23  2:02  Warp Gate  
  23  2:11  Mothership Core (Chrono Boost), Adept (Chrono Boost)  
  28  2:30  Probe (Chrono Boost)  
  28  2:33  Probe (Chrono Boost)  
  28  2:35  Gateway  
  28  2:38  Stalker (Chrono Boost)  
  28  2:40  Probe  
  31  2:44  Probe  
  32  2:53  Probe  
  32  2:57  Probe  
  34  3:02  Pylon  
  34  3:05  Stalker (Chrono Boost), Probe  
  37  3:17  Probe  
  37  3:19  Pylon  
  36  3:20  Probe  
  34  3:29  Probe  
  34  3:32  Probe (Chrono Boost)  
  34  3:41  Probe (Chrono Boost)  
  34  3:47  Probe (Chrono Boost)  
  37  3:52  Probe (Chrono Boost)  
  36  3:57  Probe (Chrono Boost)  
  38  4:02  Probe (Chrono Boost)  
  38  4:04  Stargate  
  38  4:08  Adept x2  
  42  4:10  Probe (Chrono Boost)  
  42  4:13  Probe (Chrono Boost)  
  44  4:20  Probe (Chrono Boost)  
  44  4:24  Probe (Chrono Boost)  
  42  4:31  Probe (Chrono Boost)  
  42  4:34  Probe (Chrono Boost)  
  42  4:35  Stalker  
  45  4:41  Probe (Chrono Boost)  
  45  4:44  Probe (Chrono Boost)  
  47  4:47  Phoenix (Chrono Boost)  
  47  4:50  Probe  
  50  4:53  Stargate  
  50  4:56  Probe  
  51  5:00  Assimilator  
  51  5:01  Probe, Assimilator  
  52  5:08  Probe  
  52  5:11  Probe, Phoenix (Chrono Boost)  
  56  5:16  Robotics Facility  
  56  5:20  Probe  
  57  5:22  Probe  
  58  5:32  Probe  
  58  5:33  Probe, Phoenix (Chrono Boost)  
  62  5:45  Probe x2  
  62  5:47  Phoenix (Chrono Boost)  
  62  5:48  Pylon  
  62  5:49  Pylon  
  62  6:07  Phoenix (Chrono Boost)  
  64  6:14  Nexus  
  64  6:16  Probe x2, Pylon  
  64  6:17  Phoenix (Chrono Boost)  
  68  6:19  Observer  
  68  6:23  Pylon  
  69  6:26  Pylon  
  69  6:28  Probe x2  
  69  6:29  Phoenix (Chrono Boost)  
  73  6:38  Phoenix (Chrono Boost)  
  75  6:40  Probe x2  
  77  6:51  Phoenix (Chrono Boost)  
  77  6:52  Probe x2  
  81  6:58  Immortal  
  85  7:04  Probe  
  85  7:05  Probe  
  87  7:12  Phoenix (Chrono Boost)  
  89  7:16  Probe  
  89  7:17  Probe  
  91  7:23  Twilight Council, Forge  
  91  7:29  Phoenix (Chrono Boost)  
  91  7:34  Phoenix (Chrono Boost)  
  93  7:37  Immortal  
  93  7:38  Probe  
  93  7:39  Probe  
  93  7:41  Assimilator  
  93  7:43  Assimilator  
  99  7:44  Probe  
  99  7:48  Probe  
  99  7:50  Sentry, Pylon  
  99  7:51  Phoenix (Chrono Boost)  
  105  7:52  Probe, Pylon  
  105  7:56  Probe  
  107  8:02  Phoenix (Chrono Boost)  
  107  8:04  Stalker  
  111  8:06  Probe  
  111  8:07  Probe  
  111  8:12  Phoenix (Chrono Boost)  
  115  8:14  Protoss Ground Weapons Level 1 (Chrono Boost)  
  115  8:16  Gateway x2  
  115  8:19  Gateway  
  115  8:22  Gateway  
  115  8:23  Probe  
  115  8:25  Pylon x2  
  116  8:40  Stalker x2  
  116  8:41  Immortal  
  120  8:42  Phoenix (Chrono Boost)  
  120  8:43  Phoenix (Chrono Boost)  
  124  8:55  Charge  
  122  9:03  Probe  
  122  9:04  Probe  
  122  9:07  Gateway x2  
  122  9:08  Gateway  
  122  9:09  Gateway  
  126  9:15  Immortal  
  128  9:33  Photon Cannon  
  128  9:39  Photon Cannon  
  128  9:41  Photon Cannon  
  128  9:46  Zealot x4  
  128  9:47  Nexus  
  128  9:48  Pylon  
  136  10:01  Pylon  
  136  10:02  Pylon  
  136  10:04  Templar Archives, Pylon  
  136  10:06  Pylon  
  136  10:07  Protoss Ground Weapons Level 2 (Chrono Boost)  
  136  10:08  Photon Cannon  
  136  10:11  Photon Cannon  
  136  10:15  Protoss Air Weapons Level 1  
  136  10:32  Warp Prism  
  136  10:34  Zealot x6  
  152  10:38  Zealot x2  
  154  10:49  Probe x2  
  156  11:10  Immortal  
  156  11:12  High Templar x6  
  156  11:13  Zealot x3  
  156  11:14  Zealot  
  156  11:15  Void Ray x2  
  156  11:16  Archon  
  156  11:17  Archon x2  
  188  11:18  Assimilator  
  188  11:22  Mothership Core, Assimilator  
  190  11:25  Photon Cannon  
  190  11:29  Photon Cannon  
  190  11:31  Photon Cannon  
  190  11:42  Zealot x3, Pylon  
  192  12:19  Zealot x5  
Show
View Real Time Build Order
Export as new Build Order

llllllllllll Protoss 

Build Orders: Oracle Opening 

Get SALT Encoding   

  12  0:01  Probe (Chrono Boost)  
  13  0:11  Probe (Chrono Boost)  
  14  0:18  Pylon  
  14  0:22  Probe (Chrono Boost)  
  15  0:36  Probe (Chrono Boost)  
  15  0:38  Gateway  
  15  0:41  Assimilator  
  16  0:47  Probe (Chrono Boost)  
  17  0:50  Assimilator  
  17  0:57  Probe (Chrono Boost)  
  18  1:04  Gateway  
  18  1:08  Probe (Chrono Boost)  
  20  1:18  Probe (Chrono Boost)  
  20  1:26  Cybernetics Core  
  20  1:29  Probe (Chrono Boost)  
  21  1:37  Pylon  
  21  1:41  Probe (Chrono Boost)  
  22  1:52  Probe (Chrono Boost)  
  23  2:03  Adept x2  
  23  2:04  Warp Gate (Chrono Boost)  
  27  2:10  Mothership Core (Chrono Boost)  
  29  2:27  Stargate  
  29  2:34  Probe (Chrono Boost)  
  30  2:37  Pylon  
  30  2:44  Probe (Chrono Boost)  
  31  2:55  Probe (Chrono Boost)  
  32  3:04  Nexus  
  32  3:07  Probe (Chrono Boost)  
  33  3:18  Oracle (Chrono Boost)  
  36  3:24  Probe  
  37  3:29  Stalker  
  39  3:49  Robotics Facility  
  39  3:56  Pylon  
  39  4:03  Pylon  
  39  4:14  Stalker  
  39  4:15  Probe (Chrono Boost)  
  42  4:20  Probe (Chrono Boost)  
  41  4:25  Probe (Chrono Boost)  
  41  4:27  Sentry  
  41  4:30  Probe (Chrono Boost)  
  45  4:35  Probe (Chrono Boost)  
  45  4:36  Immortal (Chrono Boost)  
  50  4:40  Probe  
  51  4:47  Probe  
  52  4:52  Probe  
  52  4:56  Sentry x2  
  52  4:59  Probe  
  58  5:03  Probe  
  59  5:10  Nexus  
  59  5:11  Observer (Chrono Boost)  
  59  5:12  Probe  
  59  5:13  Pylon  
  61  5:15  Probe  
  62  5:24  Probe, Void Ray  
  62  5:27  Probe  
  65  5:36  Probe  
  65  5:38  Probe  
  65  5:40  Assimilator x2  
  67  5:47  Stalker x2  
  67  5:49  Probe  
  71  5:50  Probe  
  73  5:59  Probe  
  73  6:02  Immortal (Chrono Boost)  
  78  6:05  Pylon  
  78  6:06  Probe  
  77  6:12  Probe  
  77  6:15  Pylon  
  78  6:21  Probe, Void Ray (Chrono Boost)  
  78  6:22  Probe  
  84  6:25  Probe  
  85  6:37  Gateway  
  85  6:38  Gateway  
  85  6:40  Gateway  
  85  6:42  Gateway  
  85  6:44  Observer (Chrono Boost)  
  86  6:52  Mothership Core  
  84  7:03  Void Ray (Chrono Boost)  
  84  7:07  Stalker x2  
  88  7:15  Warp Prism (Chrono Boost)  
  83  7:19  Gateway  
  75  7:31  Stalker x3  
  75  7:33  Stalker  
  75  7:36  Stalker  
  81  7:40  Probe  
  81  7:41  Probe  
  81  7:42  Probe  
  84  7:49  Stalker  
  86  7:51  Probe  
  86  7:54  Probe, Forge  
  85  8:01  Pylon  
  85  8:11  Stalker x3  
  89  8:12  Stalker  
  91  8:25  Stalker  
  91  8:26  Stalker  
  95  8:29  Stalker  
  95  8:33  Stalker  
  87  8:38  Probe (Chrono Boost)  
  87  8:39  Probe (Chrono Boost)  
  87  8:40  Probe (Chrono Boost)  
  80  8:46  Twilight Council  
  76  8:49  Probe x2 (Chrono Boost)  
  76  8:52  Probe (Chrono Boost)  
  71  9:00  Probe x2 (Chrono Boost)  
  65  9:04  Sentry, Stalker x4, Probe (Chrono Boost)  
  76  9:10  Stalker  
  76  9:13  Stalker  
  76  9:15  Probe (Chrono Boost)  
  81  9:18  Probe (Chrono Boost), Blink (Chrono Boost)  
  81  9:19  Probe (Chrono Boost)  
  83  9:26  Photon Cannon  
  83  9:29  Photon Cannon  
  83  9:34  Mothership Core (Chrono Boost)  
  83  9:43  Stalker x3  
  82  9:48  Stalker  
  82  9:52  Probe (Chrono Boost)  
  82  9:53  Probe (Chrono Boost)  
  82  9:57  Probe (Chrono Boost), Assimilator  
  82  9:59  Assimilator  
  83  10:03  Observer  
  84  10:08  Stalker x2, Probe (Chrono Boost)  
  84  10:13  Stalker, Probe  
  91  10:17  Probe  
  91  10:19  Probe  
  93  10:23  Probe  
  93  10:24  Immortal (Chrono Boost)  
  98  10:30  Probe  
  98  10:31  Probe  
  98  10:35  Probe  
  100  10:36  Sentry, Stalker  
  100  10:42  Probe  
  106  10:46  Stalker x2  
  110  10:50  Pylon  
  110  11:00  Mothership Core (Chrono Boost)  
  109  11:07  Templar Archives  
  109  11:08  Stalker  
  109  11:10  Probe (Chrono Boost)  
  106  11:20  Probe (Chrono Boost)  
  106  11:21  Stalker x2, Probe x2 (Chrono Boost)  
  113  11:31  Probe (Chrono Boost)  
  115  11:33  Immortal (Chrono Boost), Probe (Chrono Boost)  
  115  11:37  Probe (Chrono Boost)  
  120  11:40  Probe (Chrono Boost)  
  121  11:48  Probe  
  121  11:49  High Templar  
  124  11:54  Nexus  
  124  11:58  Pylon  
  124  12:02  Pylon  
  124  12:05  Pylon x2  
  124  12:13  Zealot x3  
Tags
 
Add a new tag
Caveats
  • Supply blocks, unpowered buildings, or Contaminate may cause inaccurate times.
  • Supply counts are checked every 10 seconds.